 Dungeon Crawl Stone Soup version 0.22-a0-480-g991dd4b (webtiles) character file.

29 galech the Skirmisher (level 3, -1/60 HPs)
             Began as an Ogre Berserker on June 15, 2018.
             Was a Follower of Trog.
             Slain by Sigmund
             ... wielding a +2 scythe of freezing
              (10 damage)
             ... on level 2 of the Dungeon.
             The game lasted 00:01:13 (962 turns).

galech the Skirmisher (Ogre Berserker)               Turns: 962, Time: 00:01:13

Health: -1/60      AC:  3    Str: 27    XL:     3   Next: 16%
Magic:  3/3        EV: 10    Int:  8    God:    Trog [*.....]
Gold:   69         SH:  0    Dex:  8    Spells: 2/2 levels left

rFire    . . .     SeeInvis .   a - +0 mace
rCold    . . .     Gourm    .   (no shield)
rNeg     . . .     Faith    .   b - +0 animal skin
rPois    .         Spirit   .   (helmet restricted)
rElec    .         Reflect  .   (no cloak)
rCorr    .         Harm     .   (gloves unavailable)
MR       .....                  (boots unavailable)
Stlth    ..........             (no amulet)
HPRegen  0.20/turn              (no ring)
MPRegen  0.08/turn              (no ring)

@: berserking (expiring), very quick
A: large, unfitting armour, tough skin 1
a: Berserk, Renounce Religion


You were on level 2 of the Dungeon.
You worshipped Trog.
Trog was aware of your devotion.
You were not hungry.

You visited 1 branch of the dungeon, and saw 2 of its levels.

You collected 69 gold pieces.

Inventory:

Hand Weapons
 a - a +0 mace (weapon)
Armour
 b - a +0 animal skin (worn)
Scrolls
 e - 2 scrolls of identify {unknown}
 h - 2 scrolls of teleportation {unknown}
 j - a scroll of remove curse {unknown}
Potions
 d - a potion of ambrosia {unknown}
 g - a potion of agility {unknown}
 i - a potion of curing {unknown}
Comestibles
 c - 3 rations


   Skills:
 + Level 4.7 Fighting
 + Level 3.2 Maces & Flails
 + Level 2.9 Dodging


You had 2 spell levels left.
You didn't know any spells.
Your spell library was empty.

Dungeon Overview and Level Annotations

Branches:
Dungeon (2/15)

Altars:

Annotations:
D:2 Sigmund


Innate Abilities, Weirdness & Mutations

You are too large for most types of armour.
You have tough skin. (AC +1)


Message History

No target in view!
No target in view!
No target in view!
No target in view!
No target in view!
No target in view!
No target in view!
No target in view!
No target in view!
No target in view!
You hit something. Something hits you! Something freezes you.
* * * LOW HITPOINT WARNING * * *
You closely miss something. You barely miss something. Something hits you!
* * * LOW HITPOINT WARNING * * *
Something freezes you.
* * * LOW HITPOINT WARNING * * *
You barely miss something. You hit something. Something hits you!
You die...

.!....###
......#..
......#.####
........!.
.....(.
#....
#...####.#..
#@{.......
#...†###.###
#....#
......#
###....#
###..# #..#
...#


There were no monsters in sight!

Vanquished Creatures
  An adder (D:1)
  A dart slug (D:1)
  A leopard gecko (D:1)
  A ball python (D:1)
  5 goblins (D:1)
  A hobgoblin (D:1)
  5 kobolds (D:1)
  A frilled lizard (D:2)
  2 rats (D:1)
18 creatures vanquished.

Notes
Turn   | Place    | Note
-------+----------+-------------------------------------------
     0 | D:1      | galech the Ogre Berserker began the quest for the Orb.
     0 | D:1      | Reached XP level 1. HP: 24/24 MP: 1/1
   430 | D:1      | Reached XP level 2. HP: 31/33 MP: 2/2
   809 | D:2      | Noticed Sigmund
   819 | D:1      | Reached XP level 3. HP: 35/40 MP: 3/3
   962 | D:2      | Slain by Sigmund

Vault maps used:
D:1:      dpeg_arrival_snail
D:2:      uniq_sigmund, uniq_jessica

Skill      XL: |  1  2 |
---------------+-------+-----
Maces & Flails | 3 |  3.2
Fighting       | |  4.7
Dodging        | |  2.9

Action                   || total
-------------------------++-------
Melee: Mace              ||    68
Invok: Berserk           ||     2
  Eat: Ration            ||     1
Armor: Animal skin       ||    16
Dodge: Dodged            ||    40

Table legend:
 A = Spawn XP
 B = Non-spawn XP
 C = Spawn XP percentage of total XP
 D = Spawn monster count
 E = Non-spawn monster count
 F = Spawn count percentage of total count
 G = Total turns spent on level
                    A         B        C        D         E        F      G
               +---------+---------+-------+---------+---------+-------+---------
         Total |       0 |      42 |   0.0 |       0 |      18 |   0.0 |   962
               +---------+---------+-------+---------+---------+-------+---------
           D:1 |       0 |      41 |   0.0 |       0 |      17 |   0.0 |   943
           D:2 |       0 |       1 |   0.0 |       0 |       1 |   0.0 |    19
               +---------+---------+-------+---------+---------+-------+---------
